 Dungeon Crawl Stone Soup version 0.31-a0-925-g0a390f2509 (webtiles) character file.

Game seed: 192128336202455984

506 miscthings the Charlatan (level 7, -9/52 HPs)
             Began as a Gnoll Artificer on Oct 19, 2023.
             Splashed by a jelly's acid (10 damage)
             ... on level 4 of the Dungeon.
             The game lasted 00:07:55 (2673 turns).

miscthings the Charlatan (Gnoll Artificer)          Turns: 2673, Time: 00:07:56

Health: -9/52      AC: -7    Str: 13    XL:     7   Next: 18%
Magic:  10/10      EV: 10    Int: 11    God:
Gold:   192        SH:  0    Dex: 12    Spells: 10/10 levels left

rFire   . . .        n - +2 dagger (venom)
rCold   . . .        (no shield)
rNeg    . . .        o - +0 scale mail
rPois   .            t - +0 hat
rElec   .            (no cloak)
rCorr   .            z - +0 pair of gloves
SInv    .            (no boots)
Will    .....        (no amulet)
Stlth   +            v - ring of wizardry
HPRegen 0.28/turn    (no ring)
MPRegen 0.12/turn

%: wizardry (x1)
@: corroded
A: fangs 1, strong nose, distributed training
a: no special abilities


You were on level 4 of the Dungeon.
You visited 1 branch of the dungeon, and saw 4 of its levels.

You collected 228 gold pieces.
You spent 36 gold pieces at shops.

Inventory:

Hand Weapons
 n - a +2 dagger of venom (weapon)
 u - a +1 dagger of holy wrath
 C - the +3 quarterstaff "Qyhaoh" {heavy, rC+}
   (You found it on level 4 of the Dungeon)

   rC+:       It protects you from cold.
Missiles
 D - 6 javelins (quivered)
Armour
 b - a +0 leather armour
 o - a +0 scale mail (worn)
 t - a +0 hat (worn)
 w - an orb of wrath
 z - a +0 pair of gloves (worn)
 A - the +0 robe of Trumpets {Str+4}
   (You found it on level 4 of the Dungeon)

   Str+4:     It affects your strength (+4).
Jewellery
 q - a ring of fire
 v - a ring of wizardry (left hand)
Wands
 c - a wand of flame (8)
 d - a wand of charming (9)
 e - a wand of iceblast (3)
Scrolls
 h - a scroll of fear
 i - a scroll of teleportation
 k - a scroll of acquirement {unknown}
 r - a scroll of fog {unknown}
 x - a scroll of torment {unknown}
 y - a scroll of amnesia {unknown}
 B - a scroll of poison
Potions
 f - a potion of enlightenment {unknown}
 g - a potion of cancellation {unknown}
 j - a potion of curing
 l - a potion of magic {unknown}
 m - 2 potions of attraction
 p - 2 potions of lignification
 s - a potion of resistance {unknown}


   Skills:
 + Level 3.5 Fighting
 + Level 2.3 Short Blades
 + Level 2.3 Long Blades
 + Level 2.3 Axes
 + Level 2.3 Maces & Flails
 + Level 2.3 Polearms
 + Level 2.3 Staves
 + Level 2.3 Ranged Weapons
 + Level 2.3 Throwing
 + Level 5.2 Armour
 + Level 3.5 Dodging
 + Level 3.4 Stealth
 + Level 2.3 Shields
 + Level 2.3 Unarmed Combat
 + Level 2.3 Spellcasting
 + Level 1.9 Conjurations
 + Level 1.9 Hexes
 + Level 1.9 Summonings
 + Level 1.9 Necromancy
 + Level 1.9 Translocations
 + Level 1.9 Transmutations
 + Level 1.9 Fire Magic
 + Level 1.9 Ice Magic
 + Level 1.9 Air Magic
 + Level 1.9 Earth Magic
 + Level 1.9 Poison Magic
 + Level 2.6 Invocations
 + Level 7.0 Evocations
 + Level 2.1 Shapeshifting


You had 10 spell levels left.
You didn't know any spells.
Your spell library contained the following spells:

 Spells                   Type           Power      Damage    Failure   Level
 Anguish                  Hex/Necr       2%         N/A       87%         4
 Cause Fear               Hex            2%         N/A       87%         4
 Passage of Golubria      Tloc           5%         N/A       87%         4
 Silence                  Hex/Air        2%         N/A       99%         5
 Enfeeble                 Hex            2%         N/A       100%        7
 Lehudib's Crystal Spear  Conj/Erth      2%         10d2      100%        8


Dungeon Overview and Level Annotations

Branches:
Dungeon (4/15)
 Temple: D:4-7

Altars:
Makhleb
Wu Jian

Shops:
D:1 *   D:2 ?

Annotations:
D:4 Edmund


Innate Abilities, Weirdness & Mutations

You have very sharp teeth.
Your uncanny sense of smell can sniff out nearby items.
Your experience applies equally to all skills.


Message History

The puff of flame hits the orc!
You kill the orc!
Aiming: Throw Flame
Press: ? - help, Shift-Dir - straight line, f - orc
Aim: an orc, wielding a +0 mace and quivering poisoned darts (74% to hit)
The puff of flame hits the orc!
You kill the orc!
You hear a shout!
An orc comes into view. It is wielding a +0 club.
You hit the giant cockroach but do no damage.
The giant cockroach is poisoned.
Your punch misses the giant cockroach. The giant cockroach closely misses you.
You kill the giant cockroach!
A jelly comes into view.
The orc attacks as it pursues you! The orc completely misses you.
The orc attacks as it pursues you! The orc barely misses you.
Aiming: Throw Flame
Press: ? - help, Shift-Dir - straight line, f - jelly
Aim: a jelly (100% to hit)
The puff of flame hits the jelly.
The jelly is moderately wounded.
The jelly hits you.
* * * LOW HITPOINT WARNING * * *
You are splashed with acid!
* * * LOW HITPOINT WARNING * * *
Aiming: Throw Flame
Press: ? - help, Shift-Dir - straight line, f/p - jelly
Aim: a jelly (moderately wounded, 100% to hit)
The puff of flame hits the jelly.
The jelly is heavily wounded.
The jelly closely misses you.
Aiming: Throw Flame
Press: ? - help, Shift-Dir - straight line, f/p - jelly
Aim: a jelly (heavily wounded, 100% to hit)
The puff of flame hits the jelly!
The jelly is almost dead.
The jelly hits you.
* * * LOW HITPOINT WARNING * * *
You are splashed with acid!
You die...

. ## ##. .. # #.. .. #
###.##. # ..... # ... #.
# # #.# #.# # # #.#@#
#.# # #.##.#J# ##.### #
..#.o# ##.....
#...#.#.##########.>...#
...............##...>...
....#.#.######.##......#
........# #.##.#.†.##
..##..### #.......## ..
#.. ####.####


You could see a jelly and an orc.

Vanquished Creatures
  A sky beast (D:4)
  A centaur (D:4)
  A gnoll sergeant (D:4)
  A jelly (D:4)
  An orc priest (D:3)
  Natasha (twice) (D:4)
  4 gnolls (D:3)
  2 worms
  A dart slug (D:2)
  6 orcs
  3 bats
  8 endoplasms
  3 giant cockroaches
  13 goblins
  6 hobgoblins
  3 jackals (D:2)
  4 kobolds
  4 quokkas
  2 ball pythons
  3 frilled lizards
  4 rats
73 creatures vanquished.

Vanquished Creatures (collateral kills)
  Natasha (D:4)
  5 gnolls (D:4)
  An endoplasm (D:4)
  2 goblins (D:2)
  2 hobgoblins
11 creatures vanquished.

Vanquished Creatures (others)
  Robin (D:2)
1 creature vanquished.

Grand Total: 85 creatures vanquished

Notes
Turn   | Place    | Note
-------+----------+-------------------------------------------
     0 | D:1      | miscthings the Gnoll Artificer began the quest for the Orb.
     0 | D:1      | Reached XP level 1. HP: 17/17 MP: 1/1
   187 | D:1      | Reached XP level 2. HP: 23/23 MP: 2/2
   346 | D:1      | Found Jothriell's General Store.
   353 | D:1      | Bought a potion of curing for 36 gold pieces
   618 | D:2      | Noticed Robin
   629 | D:1      | Reached XP level 3. HP: 10/28 MP: 3/3
   687 | D:2      | Found Heteiph's Magic Scroll Emporium.
   800 | D:2      | Reached skill level 1 in Invocations
   806 | D:2      | Your ally Robin died
  1016 | D:2      | Reached skill level 1 in Short Blades
  1016 | D:2      | Reached skill level 1 in Long Blades
  1016 | D:2      | Reached skill level 1 in Axes
  1016 | D:2      | Reached skill level 1 in Maces & Flails
  1016 | D:2      | Reached skill level 1 in Polearms
  1016 | D:2      | Reached skill level 1 in Staves
  1016 | D:2      | Reached skill level 1 in Ranged Weapons
  1016 | D:2      | Reached skill level 1 in Throwing
  1016 | D:2      | Reached skill level 1 in Shields
  1016 | D:2      | Reached skill level 1 in Unarmed Combat
  1016 | D:2      | Reached skill level 1 in Spellcasting
  1337 | D:3      | Found an ornate altar of the Wu Jian Council.
  1337 | D:3      | Found a burning altar of Makhleb.
  1383 | D:3      | Reached XP level 4. HP: 33/34 MP: 5/5
  1444 | D:3      | Reached skill level 1 in Conjurations
  1444 | D:3      | Reached skill level 1 in Hexes
  1444 | D:3      | Reached skill level 1 in Summonings
  1444 | D:3      | Reached skill level 1 in Necromancy
  1444 | D:3      | Reached skill level 1 in Translocations
  1444 | D:3      | Reached skill level 1 in Transmutations
  1444 | D:3      | Reached skill level 1 in Fire Magic
  1444 | D:3      | Reached skill level 1 in Ice Magic
  1444 | D:3      | Reached skill level 1 in Air Magic
  1444 | D:3      | Reached skill level 1 in Earth Magic
  1444 | D:3      | Reached skill level 1 in Poison Magic
  1444 | D:3      | Reached skill level 1 in Shapeshifting
  1998 | D:3      | Reached XP level 5. HP: 40/40 MP: 5/7
  2248 | D:4      | Noticed Natasha
  2252 | D:4      | Identified the +0 robe of Trumpets {Str+4}
  2260 | D:4      | Killed Natasha
  2270 | D:4      | Identified the +3 quarterstaff "Qyhaoh" {heavy, rC+}
  2315 | D:4      | Noticed a sky beast
  2319 | D:4      | Killed a sky beast
  2320 | D:4      | Reached XP level 6. HP: 47/47 MP: 8/8
  2385 | D:4      | Reached skill level 5 in Armour
  2460 | D:4      | Noticed Natasha
  2474 | D:4      | Killed Natasha
  2475 | D:4      | Reached XP level 7. HP: 14/52 MP: 10/10
  2483 | D:4      | Noticed Edmund
  2519 | D:4      | Killed Natasha
  2520 | D:4      | Reached skill level 7 in Evocations
  2673 | D:4      | HP: 1/52 [jelly (3)]
  2673 | D:4      | Splashed by a jelly's acid

Illustrated notes

Levels and vault maps discovered:
D:1:      dpeg_arrival_rooms_b, layout_basic, serial_shops, nicolae_shop_stone
D:2:      layout_rooms, serial_shops, shop, uniq_robin
D:3:      layout_basic, jmf_multi_god_temple, serial_corexii_hall,
          chequers_hall_statues_corner_a, chequers_hall_statues_wall_a,
          corexii_hall_statues_l, chequers_hall_statues_corner_a,
          chequers_hall_statues_wall_a, chequers_hall_statues_y,
          corexii_hall_statues_s, minmay_door_square
D:4:      layout_loops_ring, lightli_minifort, uniq_grinder, uniq_edmund,
          uniq_natasha

Skill      XL: |  1  2  3  4  5  6  7 |
---------------+----------------------+-----
Invocations    | 1 2 |  2.6
Short Blades   | 1 2 |  2.3
Long Blades    | 1 2 |  2.3
Axes           | 1 2 |  2.3
Maces & Flails | 1 2 |  2.3
Polearms       | 1 2 |  2.3
Staves         | 1 2 |  2.3
Ranged Weapons | 1 2 |  2.3
Throwing       | 1 2 |  2.3
Shields        | 1 2 |  2.3
Unarmed Combat | 1 2 |  2.3
Spellcasting   | 1 2 |  2.3
Conjurations   | 1 |  1.9
Hexes          | 1 |  1.9
Summonings     | 1 |  1.9
Necromancy     | 1 |  1.9
Translocations | 1 |  1.9
Transmutations | 1 |  1.9
Fire Magic     | 1 |  1.9
Ice Magic      | 1 |  1.9
Air Magic      | 1 |  1.9
Earth Magic    | 1 |  1.9
Poison Magic   | 1 |  1.9
Shapeshifting  | 1 2 |  2.1
Fighting       | 3 |  3.5
Dodging        | 3 |  3.5
Stealth        | 3 |  3.4
Armour         | 5 |  5.2
Evocations     | 7 |  7.0

Action                     |  1- 3 |  4- 6 |  7- 9 || total
---------------------------+-------+-------+-------++-------
  Melee: Dagger            |   131 |    98 |    10 ||   239
         Club              |    15 |       |       ||    15
         Bite              |    21 |    10 |     1 ||    32
         Punch             |     2 |     2 |     1 ||     5
  Evoke: Wand              |     3 |     5 |     7 ||    15
    Use: Scroll            |       |     5 |       ||     5
   Stab: Sleeping          |     4 |       |       ||     4
 Armour: Leather armour    |    73 |       |       ||    73
         Scale mail        |    21 |    64 |     5 ||    90
  Dodge: Dodged            |    80 |    51 |     7 ||   138

Table legend: (Time is in decaauts)
 A = Elapsed time spent in this place.
 B = Non-inter-level travel time spent in this place.
 C = Inter-level travel time spent in this place.
 D = Time resting spent in this place.
 E = Time spent auto-exploring this place.
 F = Levels seen in this place.
 G = Mean time per level.
                   A        B        C        D        E       F      G
               +--------+--------+--------+--------+--------+-----+--------+
         Total |   2675 |   2552 |    123 |    319 |   1385 |   4 |  668.8 |
       Dungeon |   2675 |   2552 |    123 |    319 |   1385 |   4 |  668.8 |
               +--------+--------+--------+--------+--------+-----+--------+

Top non-repeatable levels by time:
     D:3: 979 daAuts
     D:1: 654 daAuts
     D:2: 618 daAuts
     D:4: 424 daAuts
